AoeStats
← lbaquino21

Arena

509879335Analyzed
1v1 RM · 2d ago on Sep 28, 2026· 35m 7s· 2 players
Game mode
Random Map
Map size
Tiny (2 player)
Population
200
Speed
Normal
Resources
Standard
Victory
Conquest
Starting age
Dark Age
Ending age
Imperial Age
RankedLock teamsTeams togetherTeam positionsShared explorationLock speedFull tech treeHidden civsTurbo modeCheats
Victory
Defeat
🇨🇳 Wei · China
593
+17
🇧🇷 Varangians · Brazil
623
-27
I_Never_Rush
11:31 Feudal Age
10:52 Loom
13:50 Double-Bit Axe
16:19 Castle Age
14:09 Horse Collar
14:56 Gold Mining
17:38 Bow Saw
17:30 Heavy Plow
23:42 Stone Mining
29:43 Imperial Age
28:11 Wheelbarrow
27:22 Town Watch
27:22 Treadmill Crane
27:54 Fortified Wall
27:39 Murder Holes
28:06 Ballistics
29:43 Hand Cart
30:38 Gold Shaft Mining
30:38 Stone Shaft Mining
30:09 Town Patrol
31:30 Chemistry
30:57 Forging
30:53 Scale Barding Armor
30:49 Padded Archer Armor
31:34 Crop Rotation
32:38 Conscription
32:44 Ming Guang Armor
34:21 Iron Casting
34:13 Chain Barding Armor
33:46 Fletching
34:13 Leather Archer Armor
34:00 Tuntian
34:09 Husbandry
34:21 Bloodlines
33:37 Light Cavalry
33:42 Elite Tiger Cavalry
34:54 Masonry
34:08 Heavy Hei Guang Cavalry
36:16 Blast Furnace
35:38 Thumb Ring
35:59 Parthian Tactics
34:59 Hussar
lbaquino21
7:53 Loom
11:21 Feudal Age
11:47 Double-Bit Axe
11:47 Horse Collar
12:51 Wheelbarrow
17:22 Castle Age
18:44 Bow Saw
25:32 Hand Cart
26:57 Vendel Legacy
Connection lost

Rejoining the realm…

Still unreachable

The connection could not be restored.

Session expired

The server has moved on; the page needs a fresh start.